 Dungeon Crawl Stone Soup version 0.27.1-15-g792fb953b9 (webtiles) character file.

Game seed: 11594317485848061583

76 bearlyready the Magician (level 4, -5/34 HPs)
             Began as a Djinni Fire Elementalist on Nov 19, 2021.
             Slain by a gnoll (8 damage)
             ... on level 3 of the Dungeon.
             The game lasted 00:04:18 (2679 turns).

bearlyready the Magician (Djinni Fire Elementalist) Turns: 2679, Time: 00:04:19

Health: -5/34      AC:  3    Str:  7    XL:     4   Next: 57%
Gold:   78         EV:  6    Int: 17    God:
                   SH:  0    Dex: 14

rFire    + + .     SeeInvis .   d - +0 dagger
rCold    x . .     Faith    .   h - +0 buckler
rNeg     . . .     Spirit   .   a - +0 robe
rPois    ∞         Reflect  .   (no helmet)
rElec    .         Harm     .   (no cloak)
rCorr    .         Rampage  .   j - +0 pair of gloves
Will     +....                  (boots unavailable)
Stlth    ++........             (no amulet)
HPRegen  0.11/turn              e - ring of willpower
MPRegen  0.00/turn              (no ring)

@: flying, very slightly contaminated, held
A: sickness immunity, fire resistance 2, cold vulnerability 1, float, innate
caster, hp casting, extra vitality 1
a: no special abilities


You were on level 3 of the Dungeon.
You visited 1 branch of the dungeon, and saw 3 of its levels.

You collected 78 gold pieces.

Inventory:

Hand Weapons
 d - a +0 dagger (weapon)
 f - a +0 long sword of holy wrath
Missiles
 c - 26 stones
Armour
 a - a +0 robe (worn)
 h - a +0 buckler (worn)
 j - a +0 pair of gloves (worn)
Jewellery
 e - a ring of willpower (left hand)
 g - a +6 ring of dexterity
Scrolls
 b - 2 scrolls of identify {unknown}
 i - a scroll of acquirement {unknown}
 m - a scroll of enchant armour {unknown}
Potions
 k - a potion of lignification {unknown}
 l - a potion of ambrosia {unknown}


   Skills:
 + Level 2.4 Fighting
 - Level 2.1 Dodging
 - Level 1.5 Stealth
 + Level 1.0 Shields
 + Level 3.1 Spellcasting


You couldn't memorise any spells.
You knew the following spells:

 Your Spells              Type           Power      Damage    Failure   Level
a - Foxfire               Conj/Fire      52%        2x1d6     7%          1
b - Conjure Flame         Conj/Fire      13%        6-21      21%         3
c - Inner Flame           Hex/Fire       13%        N/A       21%         3
d - Sticky Flame          Conj/Fire      13%        2d4       56%         4
e - Fireball              Conj/Fire      6%         3d5       88%         5
f - Corona                Hex            14%        N/A       7%          1
Your spell library was empty.

Dungeon Overview and Level Annotations

Branches:
Dungeon (3/15)

Altars:
Elyvilon
Hepliaklqana
Okawaru
Yredelemnul


Innate Abilities, Weirdness & Mutations

You are immune to sickness and miasma.
You are immune to poison.
Your flesh is very heat resistant. (rF++)
You are vulnerable to cold. (rC-)
You float through the air rather than walking.
You learn spells naturally, not from books.
Your magical power is your life essence.
You have superior vitality. (+4 HP)


Message History

The gnoll hits you with a +0 club.
Casting: Foxfire (safe; 8% risk of failure)
Press: ? - help, Q - select action, (/) - cycle Dir - look around, f - activate You conjure some foxfire!
The foxfire hits the gnoll.
You kill the gnoll!
The water moccasin zombie bites you but does no damage.
The foxfire hits the gnoll but does no damage.
Your Shields skill increases to level 1!
Casting: Foxfire (safe; 7% risk of failure)
Press: ? - help, Q - select action, (/) - cycle Dir - look around, f - activate You miscast Foxfire.
You are very lightly contaminated with residual magic.
Nothing appears to happen.
The foxfire hits the water moccasin zombie.
The water moccasin zombie is moderately damaged.
The foxfire hits the water moccasin zombie.
The water moccasin zombie is moderately damaged.
The water moccasin zombie bites you.
A gnoll comes into view. It is wielding a +0 spear.
The water moccasin zombie barely misses you.
The gnoll hits you from afar with a +3 spear.
Casting: Foxfire (safe; 7% risk of failure)
Press: ? - help, Q - select action, (/) - cycle Dir - look around, f - activate You conjure some foxfire!
The gnoll shouts!
The gnoll hits you with a +0 flail. The water moccasin zombie bites you.
The gnoll hits you from afar with a +3 spear!
* * * LOW HITPOINT WARNING * * *
Casting: Foxfire (safe; 7% risk of failure)
Press: ? - help, Q - select action, (/) - cycle Dir - look around, f - activate
Okay, then.
You struggle against the net.
The foxfire hits the water moccasin zombie.
The water moccasin zombie is moderately damaged.
The foxfire hits the water moccasin zombie.
The water moccasin zombie is moderately damaged.
The water moccasin zombie barely misses you.
The gnoll hits you with a +0 flail!
You die...

..............
........###...
.#....
##...##.#####.
......
......#.......#
#._..._ ####....###
..##.g.....
##.#.#### ..#....⌠..
#.#....####.#g......
#.####.....Z#gg_..._
#.# #####..@)......
#.# #.§..##...# #.#
###..# # .) ####


You could see 3 gnolls, a water moccasin zombie and a hobgoblin.

Vanquished Creatures
  A gnoll (D:3)
  An adder (D:3)
  An adder skeleton (D:2)
  2 worms (D:2)
  2 dart slugs
  4 ball pythons
  3 bats
  2 endoplasms
  2 giant cockroaches
  2 goblins
  2 hobgoblins
  8 jackals
  A quokka (D:2)
  2 frilled lizards (D:1)
  5 kobolds
  5 rats
43 creatures vanquished.

Vanquished Creatures (others)
  130 foxfires
130 creatures vanquished.

Grand Total: 173 creatures vanquished

Notes
Turn   | Place    | Note
-------+----------+-------------------------------------------
     0 | D:1      | bearlyready the Djinni Fire Elementalist began the quest
                  | for the Orb.
     0 | D:1      | Reached XP level 1. HP: 15/15 MP: 0/0
   345 | D:1      | Reached skill level 1 in Fighting
   345 | D:1      | Reached XP level 2. HP: 20/22 MP: 0/0
  1010 | D:1      | Reached XP level 3. HP: 27/27 MP: 0/0
  1010 | D:1      | Learned a level 1 spell: Corona
  1436 | D:2      | Found a faded altar of an unknown god.
  1797 | D:2      | Reached skill level 3 in Spellcasting
  2384 | D:2      | Reached XP level 4. HP: 29/33 MP: 0/0
  2670 | D:3      | Found a white marble altar of Elyvilon.
  2672 | D:3      | Found a hazy altar of Hepliaklqana.
  2672 | D:3      | Found an iron altar of Okawaru.
  2672 | D:3      | Found a basalt altar of Yredelemnul.
  2677 | D:3      | Reached skill level 1 in Shields
  2679 | D:3      | Slain by a gnoll

Illustrated notes

Levels and vault maps discovered:
D:1:      scummos_arrival_gate, layout_loops_ring, minmay_vboxes
D:2:      layout_rooms, shapermc_ecumenical_altar_totnotflames
D:3:      layout_rooms, grunt_temple_overflow_open, corexii_hall_statues_l

Skill      XL: |  1  2  3  4 |
---------------+-------------+-----
Fighting       | 1 2 |  2.4
Spellcasting   | 3 |  3.1
Shields        | 1 |  1.0
Dodging        | |  2.1
Stealth        | |  1.5

Action                   |  1- 3 |  4- 6 || total
-------------------------+-------+-------++-------
Melee: Dagger            |    32 |     3 ||    35
       Unarmed           |     4 |       ||     4
 Cast: Foxfire           |    56 |    18 ||    74
 Stab: Sleeping          |     2 |       ||     2
       Distracted        |     1 |       ||     1
Armor: Robe              |    12 |     4 ||    16
Dodge: Dodged            |    38 |    13 ||    51
Block: Buckler           |     4 |     1 ||     5
